 Dungeon Crawl Stone Soup version 0.28-a0-247-gb8bfbab023 (webtiles) character file.

Game seed: 1115829538309691736

56 bande the Shield-Bearer (level 3, -11/23 HPs)
             Began as a Gargoyle Fighter on Aug 26, 2021.
             Mangled by an ogre (28 damage)
             ... on level 2 of the Dungeon.
             The game lasted 00:02:54 (1440 turns).

bande the Shield-Bearer (Gargoyle Fighter)          Turns: 1440, Time: 00:02:55

Health: -11/23     AC: 12    Str: 19    XL:     3   Next: 97%
Magic:  3/3        EV:  5    Int:  8    God:
Gold:   36         SH:  8    Dex: 10    Spells: 2/2 levels left

rFire   . . .      SeeInvis .   a - +0 war axe
rCold   . . .      Faith    .   c - +0 kite shield
rNeg    + . .      Spirit   .   e - +0 chain mail
rPois   ∞          Reflect  .   (no helmet)
rElec   +          Harm     .   (no cloak)
rCorr   .          Rampage  .   (no gloves)
Will    .....                   (no boots)
Stlth   ..........              (no amulet)
HPRegen 0.07/turn               (no ring)
MPRegen 0.08/turn               (no ring)

@: no status effects
A: sickness immunity, AC +3, negative energy resistance 1, electricity
resistance, torment resistance 1, petrification resistance
a: no special abilities


You were on level 2 of the Dungeon.
You visited 1 branch of the dungeon, and saw 2 of its levels.

You collected 36 gold pieces.

Inventory:

Hand Weapons
 a - a +0 war axe (weapon)
Armour
 c - a +0 kite shield (worn)
 e - a +0 chain mail (worn)
Scrolls
 f - a scroll of enchant weapon {unknown}
 h - a scroll of blinking {unknown}
Potions
 d - a potion of might
 g - a potion of heal wounds


   Skills:
 + Level 3.6 Fighting
 + Level 2.3 Axes
 + Level 3.7 Armour
 + Level 0.4 Dodging
 + Level 4.0 Shields


You had 2 spell levels left.
You didn't know any spells.
Your spell library contained the following spells:

 Spells                   Type           Power      Damage    Failure   Level
 Summon Small Mammal      Summ           0%         N/A       100%        1
 Call Canine Familiar     Summ           0%         N/A       100%        3
 Summon Guardian Golem    Hex/Summ       0%         N/A       100%        3


Dungeon Overview and Level Annotations

Branches:
Dungeon (2/15)

Altars:


Innate Abilities, Weirdness & Mutations

You are immune to sickness and miasma.
Your stone body is resilient. (AC +3)
You are immune to poison.
You resist negative energy. (rN+)
You are resistant to electric shocks. (rElec)
You are resistant to unholy torment.
You are immune to petrification.


Message History

You slash the hound zombie!
The hound zombie is severely damaged.
The hound zombie bites you but does no damage. x2
You hit the hound zombie.
The hound zombie is severely damaged.
You block the hound zombie's attack. The hound zombie bites you.
You slash the hound zombie!
You destroy the hound zombie!
Your Shields skill increases to level 4!
There is a stone staircase leading up here.
Things that are here:
a jackal corpse; a jackal corpse HP restored.
Found a dagger.
Found an escape hatch in the ceiling.
An ogre comes into view. It is wielding a +0 giant spiked club.
The ogre moves out of view.
No target in view!
A goblin and a hobgoblin come into view.
Found a scale mail.
The goblin shouts!
The hobgoblin shouts!
There are monsters nearby!
Found a flail.
A worm comes into view.
The ogre hits you with a +0 giant spiked club.
You hit the ogre.
The ogre is lightly wounded.
An endoplasm comes into view.
You block the ogre's attack.
You completely miss the ogre.
The ogre is lightly wounded.
The endoplasm quivers.
The ogre hits you with a +0 giant spiked club.
A rat comes into view.
You slash the ogre!
The ogre is heavily wounded.
You closely miss the hobgoblin.
The ogre hits you with a +0 giant spiked club!!
Ouch! That really hurt!
You die...

.....######## .# #.
.....<......# ... [g.r
....#######..< #.# #.#.#
.......)...< .J....w)
.....####### #.#.#.# #
.......## ........
.#####..########g#.#.#.#
# ##.........g......#
##########@......#
#O......# ##.....##
#...## ####


You could see an ogre, a worm, an endoplasm, a hobgoblin, a goblin and a rat.

Vanquished Creatures
  A hound zombie (D:2)
  2 dart slugs (D:1)
  2 endoplasms (D:1)
  3 giant cockroaches (D:1)
  5 goblins (D:1)
  5 hobgoblins (D:1)
  4 jackals (D:2)
  2 quokkas (D:1)
  A ball python (D:1)
  3 frilled lizards (D:1)
  4 kobolds (D:1)
  A rat (D:1)
33 creatures vanquished.

Vanquished Creatures (others)
  A withered plant (D:2)
1 creature vanquished.

Grand Total: 34 creatures vanquished

Notes
Turn   | Place    | Note
-------+----------+-------------------------------------------
     0 | D:1      | bande the Gargoyle Fighter began the quest for the Orb.
     0 | D:1      | Reached XP level 1. HP: 14/14 MP: 1/1
    76 | D:1      | Reached XP level 2. HP: 16/19 MP: 2/2
   624 | D:1      | Reached XP level 3. HP: 21/23 MP: 3/3
  1324 | D:2      | Reached skill level 4 in Shields
  1435 | D:2      | Noticed an ogre
  1440 | D:2      | Mangled by an ogre

Illustrated notes

Levels and vault maps discovered:
D:1:      minmay_arrival_solitary_statue, layout_loops_corners
D:2:      layout_rooms, serial_undead, serial_undead_d, serial_undead_d,
          serial_undead_d, serial_undead_a, serial_undead_f, serial_undead_c,
          minmay_statues_item, st_stairs_11, uniq_natasha

Skill      XL: |  1  2  3 |
---------------+----------+-----
Axes           | 2 |  2.3
Shields        | 4 |  4.0
Fighting       | |  3.6
Armour         | |  3.7
Dodging        | |  0.4

Action                   || total
-------------------------++-------
Melee: War axe           ||    89
  Use: Scroll            ||     1
Armor: Scale mail        ||    35
       Chain mail        ||    23
Dodge: Dodged            ||    13
Block: Kite shield       ||    43

Table legend: (Time is in decaauts)
 A = Elapsed time spent in this place.
 B = Non-inter-level travel time spent in this place.
 C = Inter-level travel time spent in this place.
 D = Time resting spent in this place.
 E = Time spent auto-exploring this place.
 F = Levels seen in this place.
 G = Mean time per level.
                   A        B        C        D        E       F      G
               +--------+--------+--------+--------+--------+-----+--------+
         Total |   1495 |   1460 |     35 |    147 |    994 |   2 |  747.5 |
       Dungeon |   1495 |   1460 |     35 |    147 |    994 |   2 |  747.5 |
               +--------+--------+--------+--------+--------+-----+--------+

Top non-repeatable levels by time:
     D:1: 1345 daAuts
     D:2: 149 daAuts
